 Dungeon Crawl Stone Soup version 0.30-a0-210-g01b79a254e (webtiles) character file.

Game seed: 9791722677009578224

646 Iusername the Slasher (level 7, -4/57 (62) HPs)
             Began as a Minotaur Fighter on Oct 4, 2022.
             Slain by a wight
             ... wielding a +0 great sword
              (7 damage)
             ... on level 5 of the Dungeon.
             The game lasted 00:05:16 (4016 turns).

Iusername the Slasher (Minotaur Fighter)            Turns: 4016, Time: 00:05:17

HP:   -4/57 (62)    AC:  8    Str: 22    XL:     7   Next: 27%
MP:   6/6           EV: 10    Int:  5    God:
Gold: 349           SH:  4    Dex: 10    Spells: 6/6 levels left

rFire   . . .      SeeInvis .    a - +0 long sword
rCold   . . .      Faith    .    c - +0 buckler
rNeg    . . .      Spirit   .    b - +0 scale mail
rPois   .          Reflect  .    (helmet restricted)
rElec   .          Harm     .    (no cloak)
rCorr   .          Rampage  .    (no gloves)
Will    .....                    w - +0 pair of boots
Stlth   ..........               (no amulet)
HPRegen 0.29/turn                (no ring)
MPRegen 0.10/turn                (no ring)

@: drained
A: horns 2, retaliatory headbutt
a: no special abilities


You were on level 5 of the Dungeon.
You visited 1 branch of the dungeon, and saw 5 of its levels.

You collected 349 gold pieces.

Inventory:

Hand Weapons
 a - a +0 long sword (weapon)
Armour
 b - a +0 scale mail (worn)
 c - a +0 buckler (worn)
 w - a +0 pair of boots (worn)
Jewellery
 l - an amulet of faith
 q - a ring of magical power
 x - a ring of resist corrosion
Wands
 v - a wand of roots (6)
Scrolls
 f - 4 scrolls of identify {unknown}
 g - 2 scrolls of amnesia {unknown}
 k - a scroll of butterflies {unknown}
 m - a scroll of enchant armour {unknown}
 o - 2 scrolls of vulnerability {unknown}
 p - a scroll of brand weapon {unknown}
 r - a scroll of teleportation {unknown}
 u - a scroll of enchant weapon {unknown}
 y - a scroll of magic mapping {unknown}
Potions
 d - 2 potions of might
 e - a potion of curing
 h - 3 potions of lignification {unknown}
 i - a potion of resistance {unknown}
 j - a potion of attraction {unknown}
 n - 2 potions of mutation {unknown}
 s - a potion of magic {unknown}
 t - a potion of heal wounds {unknown}


   Skills:
 + Level 5.7 Fighting
 + Level 6.3 Long Blades
 + Level 5.7 Armour
 + Level 2.1 Dodging
 + Level 0.3 Stealth
 + Level 4.5 Shields


You had 6 spell levels left.
You didn't know any spells.
Your spell library contained the following spells:

 Spells                   Type           Power      Damage    Failure   Level
 Slow                     Hex            0%         N/A       86%         1
 Confusing Touch          Hex            0%         N/A       99%         3
 Frozen Ramparts          Ice            0%         1d1       99%         3
 Gell's Gravitas          Tloc           0%         N/A       99%         3
 Ozocubu's Armour         Ice            0%         N/A       99%         3
 Teleport Other           Tloc           0%         N/A       99%         3
 Vampiric Draining        Necr           0%         2d6       99%         3
 Ice Form                 Ice/Tmut       0%         N/A       100%        4
 Summon Ice Beast         Ice/Summ       0%         N/A       100%        4
 Metabolic Englaciation   Hex/Ice        0%         N/A       100%        5
 Dispersal                Tloc           0%         N/A       100%        6
 Simulacrum               Ice/Necr       0%         N/A       100%        6


Dungeon Overview and Level Annotations

Branches:
Dungeon (5/15)
 Temple: D:4-7

Altars:
Fedhas

Shops:
D:5 (!(


Innate Abilities, Weirdness & Mutations

You have a pair of horns on your head.
You reflexively headbutt those who attack you in melee.


Message History

You feel sick. The hound bites you.
The wight hits you with a +0 great sword!
The wight barely misses you. The wight hits you with a +0 flail.
You feel drained. The scorpion stings you.
* * * LOW HITPOINT WARNING * * *
You are lethally poisoned!
The scorpion poisons you! The hound bites you.
* * * LOW HITPOINT WARNING * * *
Unknown command.
You are too injured to fight recklessly!
Unknown command.
You are too injured to fight recklessly!
Unknown command.
You are too injured to fight recklessly!
It was a potion of curing.
You feel better.
The scorpion stings you but does no damage.
The wight barely misses you. The wight closely misses you.
The wight hits you with a +0 flail.
* * * LOW HITPOINT WARNING * * *
You block the hound's attack. The scorpion stings you.
* * * LOW HITPOINT WARNING * * *
You feel better. The hound closely misses you. The wight barely misses you. x2
The wight closely misses you. The scorpion barely misses you.
You furiously retaliate!
You headbutt the scorpion! The hound misses you. You furiously retaliate!
You headbutt the hound. You closely miss the wight.
The wight barely misses you.
The wight hits you from afar with a +0 halberd!
* * * LOW HITPOINT WARNING * * *
The wight hits you with a +0 flail!
* * * LOW HITPOINT WARNING * * *
You feel drained.
* * * LOW HITPOINT WARNING * * *
The hound bites you but does no damage. The scorpion closely misses you.
You furiously retaliate!
You headbutt the scorpion!
You kill the scorpion!
The wight hits you with a +0 flail.
* * * LOW HITPOINT WARNING * * *
You feel drained. The wight closely misses you.
The wight hits you with a +0 great sword!
You die...

..#######......).................
..........##+###############.....
.......... #........ .....
.......>.. #........ .....
.......... #........ ##
.......... #........ # ..........
#.z...... # .......... #h5z.....
# .......... #@z# #######+##
##.....#########z### #.........
.#.....+.....#.....# #.........
.#.....#.....#.....# #......<..
.#.....#.....#.....# #.........
.#)....#.....#.....+ #.........
##.....##...###..### #.........
.#......#...###..# ...######..
.#......#........# .... #..


You could see a hound, 4 wights and a shadow imp.

Vanquished Creatures
  An ice beast (D:5)
  A centaur (D:3)
  A bullfrog (D:3)
  A scorpion (D:5)
  2 howler monkeys (D:5)
  3 jellies (D:4)
  3 iguanas
  An orc wizard (D:4)
  4 adders
  3 gnolls (D:5)
  2 dart slugs
  9 orcs
  4 endoplasms (D:1)
  3 giant cockroaches
  7 goblins
  7 hobgoblins
  6 quokkas
  7 ball pythons
  2 bats (D:1)
  3 frilled lizards
  5 kobolds
  8 rats
83 creatures vanquished.

Notes
Turn   | Place    | Note
-------+----------+-------------------------------------------
     0 | D:1      | Iusername the Minotaur Fighter began the quest for the Orb.
     0 | D:1      | Reached XP level 1. HP: 19/19 MP: 0/0
   314 | D:1      | Found a faded altar of an unknown god.
   353 | D:1      | Reached XP level 2. HP: 27/27 MP: 1/1
  1109 | D:2      | Reached skill level 3 in Long Blades
  1109 | D:2      | Reached XP level 3. HP: 25/33 MP: 2/2
  1384 | D:2      | Identified the +2 robe of Nastruc {Slay+2}
  1934 | D:3      | Noticed a centaur
  1946 | D:3      | Killed a centaur
  1947 | D:3      | Reached skill level 4 in Long Blades
  1947 | D:3      | Reached XP level 4. HP: 16/41 MP: 3/3
  2256 | D:3      | Noticed a bullfrog
  2262 | D:3      | Killed a bullfrog
  2263 | D:3      | Reached skill level 1 in Dodging
  2263 | D:3      | Reached XP level 5. HP: 47/47 MP: 4/4
  2285 | D:3      | Identified the +4 scale mail "Xonased" {Dex+2}
  2668 | D:4      | Reached skill level 5 in Fighting
  2700 | D:4      | Found a blossoming altar of Fedhas.
  2787 | D:4      | Reached skill level 5 in Long Blades
  2819 | D:4      | Reached XP level 6. HP: 51/56 MP: 5/5
  3593 | D:5      | Entered Level 5 of the Dungeon
  3637 | D:5      | Reached skill level 5 in Armour
  3646 | D:5      | Found Kuzxodd's Weapon Boutique.
  3725 | D:5      | Found Arhoacol's Distillery.
  3726 | D:5      | Noticed an ice beast
  3729 | D:5      | Killed an ice beast
  3730 | D:5      | Reached skill level 6 in Long Blades
  3730 | D:5      | Reached XP level 7. HP: 50/61 MP: 6/6
  3942 | D:5      | Found Opismuat's Antique Weapon Emporium.
  4016 | D:5      | Slain by a wight

Illustrated notes

Levels and vault maps discovered:
D:1:      dpeg_arrival_tiny_f, layout_loops_corners,
          shapermc_ecumenical_altar_starsandcircs
D:2:      layout_basic, serial_bayou_pond_d, chequers_serial_rivers_room_a
D:3:      layout_basic
D:4:      layout_loops_ring, fedhas_altar_fruit_tree, minmay_quantized
D:5:      layout_gridville, temple_fountains, serial_shops, shop,
          kennysheep_mini_moat, shop, nicolae_stop_n_shop_1, uniq_pikel,
          uniq_prince_ribbit1

Skill      XL: |  1  2  3  4  5  6 |
---------------+-------------------+-----
Fighting       | 4 5 |  5.7
Long Blades    | 3 4 5 6 |  6.3
Armour         | 4 5 |  5.7
Shields        | 4 |  4.5
Dodging        | 1 2 |  2.1
Stealth        | |  0.3

Action                   |  1- 3 |  4- 6 |  7- 9 || total
-------------------------+-------+-------+-------++-------
Melee: Long sword        |    81 |    90 |    18 ||   189
       Headbutt          |    10 |    11 |     3 ||    24
  Use: Potion            |       |       |     2 ||     2
Armor: Scale mail        |    37 |    28 |    11 ||    76
Dodge: Dodged            |    37 |    40 |    26 ||   103
Block: Buckler           |    21 |    14 |     5 ||    40

Table legend: (Time is in decaauts)
 A = Elapsed time spent in this place.
 B = Non-inter-level travel time spent in this place.
 C = Inter-level travel time spent in this place.
 D = Time resting spent in this place.
 E = Time spent auto-exploring this place.
 F = Levels seen in this place.
 G = Mean time per level.
                   A        B        C        D        E       F      G
               +--------+--------+--------+--------+--------+-----+--------+
         Total |   4057 |   3914 |    143 |    294 |   3033 |   5 |  811.4 |
       Dungeon |   4057 |   3914 |    143 |    294 |   3033 |   5 |  811.4 |
               +--------+--------+--------+--------+--------+-----+--------+

Top non-repeatable levels by time:
     D:1: 1030 daAuts
     D:4: 941 daAuts
     D:3: 865 daAuts
     D:2: 791 daAuts
     D:5: 428 daAuts
